 Dungeon Crawl Stone Soup version 0.20-a0-151-g755e310 (webtiles) character file.

4306 tboon the Cleaver (level 10, -2/77 HPs)
             Began as a Formicid Fighter on Nov 22, 2016.
             Was a Priest of Okawaru.
             Slain by an orc warrior
             ... wielding a +0 scimitar
              (10 damage)
             ... on level 8 of the Dungeon on Nov 23, 2016.
             The game lasted 00:33:03 (8775 turns).

tboon the Cleaver (Formicid Fighter)                Turns: 8775, Time: 00:33:04

Health: -2/77      AC: 17    Str: 22    XL:     10   Next: 58%
Magic:  12/12      EV:  6    Int:  7    God:    Okawaru [***...]
Gold:   391        SH: 11    Dex: 13    Spells: 9/9 levels left

rFire  . . .     SeeInvis +     C - +0 broad axe
rCold  . . .     Gourm    .     E - +0 plate armour
rNeg   . . .     Faith    .     c - +0 shield
rPois  .         Spirit   .     (helmet unavailable)
rElec  .         Reflect  .     t - +1 cloak
rCorr  +         Harm     .     x - +1 pair of gloves
MR     +....                    (no boots)
Stlth  ..........               (no amulet)
                                m - ring of stealth {Stlth+}
                                q - ring of resist corrosion

@: no status effects
A: permanent stasis, dig shafts and tunnels, four strong arms, antennae 3
a: Dig, Shaft Self, Heroism, Renounce Religion


You were on level 8 of the Dungeon.
You worshipped Okawaru.
Okawaru was most pleased with you.
You were not hungry.

You visited 2 branches of the dungeon, and saw 9 of its levels.

You collected 391 gold pieces.

Inventory:

Hand Weapons
 b - a +0 mace of holy wrath
   (You found it on level 4 of the Dungeon)
 C - a +0 broad axe (weapon)
   (You found it on level 6 of the Dungeon)
Missiles
 l - 2 throwing nets {=f, !d}
Armour
 c - a +0 shield (worn)
 t - a +1 cloak (worn)
   (You found it on level 3 of the Dungeon)
 x - a +1 pair of gloves (worn)
   (You found it on level 3 of the Dungeon)
 E - a +0 plate armour (worn)
   (You took it off an orc warrior on level 6 of the Dungeon)
Magical Staves
 e - an uncursed staff of poison {unknown}
   (You found it on level 7 of the Dungeon)
Jewellery
 m - a ring of stealth (right hand) {Stlth+}
   (You found it on level 4 of the Dungeon)
 n - an uncursed ring of flight {+Fly, !d}
   (You found it on level 2 of the Dungeon)
 q - a ring of resist corrosion (left hand)
   (You found it on level 4 of the Dungeon)
 G - an uncursed ring of stealth {Stlth+}
   (You found it on level 8 of the Dungeon)
Wands
 A - a wand of polymorph (14/24)
   (You found it on level 8 of the Dungeon)
 J - a wand of disintegration (7/24)
   (You found it on level 6 of the Dungeon)
Scrolls
 h - a scroll of fog {unknown}
 j - a scroll of immolation {unknown}
 k - a scroll of magic mapping {unknown}
 o - 3 scrolls of amnesia
 s - a scroll of identify
 u - 2 scrolls of enchant armour
 F - a scroll of torment {unknown}
 H - 2 scrolls of remove curse
Potions
 d - 2 potions of might
 p - a potion of agility
 v - 2 potions of resistance
 z - 2 potions of flight
 B - 2 potions of brilliance
Books
 y - a book of Power
   (You found it on level 7 of the Dungeon)
 D - a book of Battle
   (You found it on level 8 of the Dungeon)
Comestibles
 a - a chunk of flesh
 f - 13 bread rations
 g - 6 beef jerkies
 i - 5 meat rations
 w - 5 fruits


   Skills:
 + Level 6.6 Fighting
 * Level 10.5 Axes
 - Level 1.9 Throwing
 + Level 6.8 Armour
 - Level 1.0 Dodging
 - Level 1.3 Stealth
 + Level 7.8 Shields
 + Level 3.4 Invocations


You had 9 spell levels left.
You didn't know any spells.

Dungeon Overview and Level Annotations

Branches:
Dungeon (8/15)             Temple (1/1) D:4
   Lair: D:8-11

Altars:
Ashenzari
Cheibriados
Elyvilon
Fedhas
Gozag
Hepliaklqana
Kikubaaqudgha
Makhleb
Nemelex Xobeh
Okawaru
Qazlal
Ru
Sif Muna
Trog
Uskayaw
Vehumet
Xom
Yredelemnul
Zin
The Shining One

Shops:
D:4 (


Innate Abilities, Weirdness & Mutations

You cannot be hasted, slowed, berserked, paralysed or teleported.
You can dig through walls and to a lower floor.
Your four strong arms can wield two-handed weapons with a shield.
You have a pair of large antennae on your head. (SInv)


Message History

You slash the orc priest!
The orc priest is heavily wounded.
The orc priest hits you but does no damage.
You hit the orc priest but do no damage.
The orc priest is heavily wounded.
You slash the orc wizard! You block the orc priest's attack.
The orc wizard hits you with a dagger.
The orc wizard gestures wildly while chanting.
The orc wizard flickers and vanishes for a moment.
You block the orc warrior's attack.
You closely miss the orc wizard.
The orc wizard is almost dead.
You hit the orc warrior but do no damage.
You closely miss the orc priest.
The orc priest invokes the aid of Beogh against you.
Beogh smites you! You block the orc wizard's attack.
You slash the orc wizard!
You kill the orc wizard!
Okawaru accepts your kill.
You completely miss the orc wizard. You hit the orc priest.
You hit the orc warrior but do no damage.
The orc warrior hits you with a scimitar.
The orc priest invokes the aid of Beogh against you.
Pain shoots through your body!
The orc wizard hits you but does no damage.
The orc priest casts a cantrip, but nothing happens.
You slice the orc priest!!
You kill the orc priest!
Okawaru accepts your kill.
You closely miss the orc wizard. You closely miss the orc warrior.
You block the orc warrior's attack. You block the orc wizard's attack.
You slash the orc warrior!
The orc warrior is moderately wounded.
You closely miss the orc wizard. You block the orc wizard's attack.
You block the orc warrior's attack.
You hit the orc priest but do no damage.
You closely miss the orc wizard. You hit the orc warrior.
You block the orc wizard's attack.
The orc priest hits you but does no damage.
The orc warrior hits you but does no damage.
The orc wizard casts a spell at you. The magic dart hits you!
The orc priest miscasts a cantrip.
A worker ant comes into view.
You barely miss the orc priest.
The worker ant twitches its antennae in your direction.
You hit the orc warrior but do no damage.
You slash the orc wizard! The orc warrior completely misses you.
The orc priest casts a cantrip, but nothing happens.
You block the orc wizard's attack.
You closely miss the orc priest. You closely miss the orc wizard.
You barely miss the orc warrior. You block the orc warrior's attack.
The orc priest invokes the aid of Beogh against you.
Pain shoots through your body! You block the orc wizard's attack.
You barely miss the orc priest. You barely miss the orc warrior.
You hit the orc wizard but do no damage.
The orc warrior hits you with a scimitar.
The orc wizard miscasts a cantrip.
You block the orc priest's attack.
You barely miss the orc priest. You closely miss the orc warrior.
You miss the orc wizard.
The orc priest looks encouraged for a moment.
The orc wizard hits you with a dagger.
The orc warrior hits you with a scimitar!
* * * LOW HITPOINT WARNING * * *
You slash the orc priest!
The orc priest is heavily wounded.
You miss the orc wizard. You hit the orc warrior.
The orc priest hits you but does no damage.
The orc wizard hits you with a dagger.
* * * LOW HITPOINT WARNING * * *
You block the orc warrior's attack.
You hit the orc priest but do no damage.
The orc priest is heavily wounded.
You completely miss the orc wizard. You slash the orc warrior!
You block the orc wizard's attack. You block the orc priest's attack.
The orc warrior hits you with a scimitar!
* * * LOW HITPOINT WARNING * * *
You slash the orc priest!
You kill the orc priest!
Okawaru accepts your kill.
You completely miss the orc wizard. You hit the orc warrior.
The orc wizard hits you but does no damage.
You block the orc warrior's attack.
You completely miss the orc wizard.
The orc wizard is heavily wounded.
You hit the worker ant.
You hit the orc warrior but do no damage.
You block the orc wizard's attack. The worker ant barely misses you.
You slice the orc wizard!!
You kill the orc wizard!
Okawaru accepts your kill.
You hit the worker ant. You closely miss the orc warrior.
You block the worker ant's attack. The orc warrior closely misses you.
You block the worker ant's attack.
You closely miss the orc warrior.
The orc warrior is almost dead.
You closely miss the worker ant.
The orc warrior hits you with a scimitar!
You die...

######.#.......# #...#
######.#.#..#.## #...#
...#......<...# #.### #
...#.#.#.#.#.########.###.#
...#.#.#..................#.#
.............................>
.....#.............#..#####.#.
...#.####.###..###.#.....
...............)@.<#...###
...######.####.oa)....... ...+
.......#.#.##### ...#
........#.#.# ##.#
........#.#.# #.# ........#+#
#.# ......... #.# .........
#.# {


You could see an orc warrior and a worker ant.

Vanquished Creatures
  Erica (D:8)
  The ghost of 0gre the Firebug, a novice GrFE of Sif Muna (D:4)
  A steam dragon (D:7)
  2 orc warriors
  An ice beast (D:7)
  2 sky beasts
  5 ogres
  A wolf (D:6)
  A centaur (D:8)
  4 bullfrogs
  4 gnoll sergeants (D:6)
  9 wights (D:6)
  2 crimson imps
  9 hounds
  A quasit (D:6)
  3 jellies
  Crazy Yiuf (D:4)
  2 orc priests (D:8)
  3 orc wizards (D:8)
  An iguana (D:5)
  3 gnoll shamans (D:6)
  4 worker ants
  A hound zombie (D:5)
  A hound skeleton (D:7)
  2 worker ant zombies
  Robin (D:3)
  21 gnolls (D:6)
  11 adders
  A shadow imp (D:8)
  An ooze (D:2)
  An adder skeleton (D:4)
  4 worms
  3 dart slugs (D:1)
  6 leopard geckos
  25 orcs
  2 ball pythons
  4 giant cockroaches
  17 goblins
  11 hobgoblins
  11 jackals
  A kobold (D:2)
  6 quokkas
  8 bats
  7 frilled lizards
  2 quokka skeletons
  9 rats
217 creatures vanquished.

Notes
Turn   | Place    | Note
-------+----------+-------------------------------------------
     0 | D:1      | tboon the Formicid Fighter began the quest for the Orb.
     0 | D:1      | Reached XP level 1. HP: 18/18 MP: 1/1
    92 | D:1      | Reached XP level 2. HP: 22/24 MP: 2/2
   401 | D:1      | Reached XP level 3. HP: 26/30 MP: 3/3
  1136 | D:2      | Reached skill level 4 in Shields
  1151 | D:2      | Reached XP level 4. HP: 28/37 MP: 4/4
  1299 | D:2      | Reached skill level 4 in Armour
  1309 | D:2      | Found a radiant altar of Vehumet.
  1361 | D:2      | Found a sacrificial altar of Ru.
  1989 | D:2      | Reached XP level 5. HP: 18/42 MP: 5/5
  2285 | D:3      | Reached skill level 3 in Axes
  2300 | D:3      | Noticed Robin
  2321 | D:3      | Killed Robin
  2330 | D:3      | Reached skill level 4 in Fighting
  2841 | D:3      | Found a deep blue altar of Sif Muna.
  3351 | D:4      | Reached XP level 6. HP: 36/48 MP: 6/6
  3573 | D:4      | Found a runed door.
  3792 | D:4      | Noticed an ogre
  3799 | D:4      | Killed an ogre
  3799 | D:4      | Reached skill level 4 in Axes
  3873 | D:4      | Found a staircase to the Ecumenical Temple.
  3879 | D:4      | Noticed 0gre's ghost (novice GrFE)
  3885 | D:4      | Killed 0gre's ghost
  3885 | D:4      | Reached skill level 5 in Axes
  3885 | D:4      | Reached skill level 1 in Dodging
  3885 | D:4      | Reached skill level 1 in Stealth
  3885 | D:4      | Reached skill level 5 in Shields
  3885 | D:4      | Reached XP level 7. HP: 33/55 MP: 7/7
  3905 | Temple   | Entered the Ecumenical Temple
  3981 | Temple   | Became a worshipper of Warmaster Okawaru
  4361 | D:4      | Found Haniec's Weapon Emporium.
  4638 | D:4      | Noticed Crazy Yiuf
  4642 | D:4      | Killed Crazy Yiuf
  4674 | D:5      | Entered Level 5 of the Dungeon
  4818 | D:5      | Found a stormy altar of Qazlal.
  4885 | D:5      | Reached skill level 6 in Axes
  4885 | D:5      | Reached XP level 8. HP: 51/61 MP: 8/8
  5106 | D:5      | Found a bloodstained altar of Trog.
  5401 | D:6      | Reached * piety under Okawaru
  5499 | D:6      | Reached skill level 5 in Armour
  5505 | D:6      | Reached skill level 5 in Fighting
  5527 | D:6      | Reached skill level 7 in Axes
  5587 | D:6      | HP: 13/62 [poisoned by a gnoll sergeant]
  5592 | D:6      | HP: 12/93 [poisoned by a gnoll sergeant]
  5605 | D:6      | HP: 23/93 [poisoned by a gnoll sergeant]
  5612 | D:6      | HP: 22/93 [poisoned by a gnoll sergeant]
  5619 | D:6      | HP: 13/62 [poisoned by a gnoll sergeant]
  5627 | D:6      | HP: 13/62 [poisoned by a gnoll sergeant]
  6083 | D:6      | Reached skill level 6 in Shields
  6112 | D:6      | Reached ** piety under Okawaru
  6112 | D:6      | Reached XP level 9. HP: 65/68 MP: 9/9
  6216 | D:6      | Reached skill level 8 in Axes
  6289 | D:6      | Reached skill level 1 in Throwing
  6613 | D:6      | Reached skill level 9 in Axes
  6759 | D:6      | Found a hazy altar of Hepliaklqana.
  7067 | D:6      | Reached skill level 7 in Shields
  7472 | D:7      | Reached skill level 6 in Armour
  7472 | D:7      | Reached skill level 1 in Invocations
  7477 | D:7      | Reached XP level 10. HP: 76/76 MP: 10/10
  7567 | D:7      | Reached *** piety under Okawaru
  7567 | D:7      | Reached skill level 6 in Fighting
  7698 | D:7      | Reached skill level 2 in Invocations
  7706 | D:7      | Found a hide-covered altar of Uskayaw.
  7917 | D:7      | You fall through a shaft!
  7922 | D:8      | Reached skill level 10 in Axes
  8256 | D:8      | Noticed Erica
  8262 | D:8      | HP: 6/77 [Erica/bolt of poison (20)]
  8267 | D:8      | HP: 15/77 [poisoned by Erica (bolt of poison)]
  8268 | D:8      | Killed Erica
  8268 | D:8      | Reached skill level 3 in Invocations
  8272 | D:8      | HP: 11/77 [poisoned by Erica (bolt of poison)]
  8277 | D:8      | HP: 8/77 [poisoned by Erica (bolt of poison)]
  8282 | D:8      | HP: 6/77 [poisoned by Erica (bolt of poison)]
  8287 | D:8      | HP: 5/77 [poisoned by Erica (bolt of poison)]
  8294 | D:8      | HP: 5/77 [poisoned by Erica (bolt of poison)]
  8302 | D:8      | HP: 5/77 [poisoned by Erica (bolt of poison)]
  8769 | D:8      | HP: 17/77 [orc warrior/scimitar (12)]
  8771 | D:8      | HP: 7/77 [orc warrior/scimitar (8)]
  8775 | D:8      | Slain by an orc warrior

Vault maps used:
D:1:      mrwooster_arrival_statue_3, serial_bayou, serial_bayou_ford_a,
          serial_bayou_lake_a, serial_bayou_pond_d, serial_bayou_crossing,
          serial_bayou_pond_b
D:2:      nicolae_overflow_hidden_temple, fiery_altar_vehumet, first_bread,
          minmay_pentomino_u4
D:3:      lemuel_crystal_altar, uniq_robin
D:4:      serial_shops, shop_statue, kennysheep_generic_room_12,
          uniq_crazy_yiuf_cottage
D:5:      grunt_qazlal_clouds, trog_butcher_becter
D:6:      marbit_many_paths, serial_gnoll_camp, gnoll_camp_medium_02,
          gnoll_camp_mini_loothouse, gnoll_camp_huts_basic,
          gnoll_camp_mini_house, gnoll_camp_mini_house, st_stairs_10
D:7:      nicolae_overflow_crystal_walls, grunt_ogre_cave
D:8:      uniq_erica
Temple:   zaba_magenta_temple

Skill      XL: |  1  2  3  4  5  6  7  8  9 10 |
---------------+-------------------------------+-----
Shields        | 4 5 6 7 |  7.8
Armour         | 4 5 6 |  6.8
Axes           | 3 5 6 7 9 10 | 10.5
Fighting       | 4 5 6 |  6.6
Dodging        | 1 |  1.0
Stealth        | 1 |  1.3
Throwing       | 1 |  1.9
Invocations    | 1 3 |  3.4

Action                   |  1- 3 |  4- 6 |  7- 9 | 10-12 || total
-------------------------+-------+-------+-------+-------++-------
Melee: War axe           |   104 |   224 |   393 |       ||   721
       Broad axe         |       |       |    14 |   110 ||   124
Throw: Throwing net      |       |       |    18 |       ||    18
Invok: Heroism           |       |       |     6 |     1 ||     7
  Use: Scroll            |       |     8 |     8 |       ||    16
       Potion            |       |     2 |     2 |     1 ||     5
 Stab: Held in net/web   |       |       |     1 |       ||     1
  Eat: Chunk             |     1 |     8 |    10 |     3 ||    22
       Beef jerky        |       |       |     1 |     1 ||     2
       Royal jelly       |       |       |     1 |       ||     1
Armor: Scale mail        |    35 |    76 |     2 |       ||   113
       Chain mail        |       |       |   189 |       ||   189
       Plate armour      |       |       |    10 |    51 ||    61
Dodge: Dodged            |    35 |    79 |   131 |    28 ||   273
Block: Shield            |    56 |   138 |   238 |    75 ||   507

Vault maps used:
D:1:      mrwooster_arrival_statue_3, serial_bayou, serial_bayou_ford_a,
          serial_bayou_lake_a, serial_bayou_pond_d, serial_bayou_crossing,
          serial_bayou_pond_b
D:2:      nicolae_overflow_hidden_temple, fiery_altar_vehumet, first_bread,
          minmay_pentomino_u4
D:3:      lemuel_crystal_altar, uniq_robin
D:4:      serial_shops, shop_statue, kennysheep_generic_room_12,
          uniq_crazy_yiuf_cottage
D:5:      grunt_qazlal_clouds, trog_butcher_becter
D:6:      marbit_many_paths, serial_gnoll_camp, gnoll_camp_medium_02,
          gnoll_camp_mini_loothouse, gnoll_camp_huts_basic,
          gnoll_camp_mini_house, gnoll_camp_mini_house, st_stairs_10
D:7:      nicolae_overflow_crystal_walls, grunt_ogre_cave
D:8:      uniq_erica
Temple:   zaba_magenta_temple

Table legend:
 A = Turns spent in this place as a percentage of turns spent in the entire game.
 B = Non-inter-level travel turns spent in this place as a percentage of non-inter-level travel turns spent in the entire game.
 C = Inter-level travel turns spent in this place as a percentage of turns spent in this place.
 D = Turns resting spent in this place as a percentage of non-inter-level travel turns spent in this place.
 E = Turns spent auto-exploring this place as a percentage of non-inter-level travel turns spent in this place.
 F = Non-inter-level travel turns spent in this place divided by the number of levels of this place that you've seen.
                   A       B       C       D       E      F
               +-------+-------+-------+-------+-------+----------------------
         Total | 100.0 | 100.0 |   0.3 |   3.4 |  13.6 | 231.2
       Dungeon |  98.6 |  98.6 |   0.3 |   3.3 |  13.5 | 256.5
        Temple |   1.4 |   1.4 |   0.0 |   6.9 |  20.7 |  29.0
               +-------+-------+-------+-------+-------+----------------------

Table legend:
 A = Kills in this place as a percentage of kills in entire the game.
 B = Kills by you in this place as a percentage of kills by you in the entire game.
 C = Kills by friends in this place as a percentage of kills by friends in the entire game.
 D = Other kills in this place as a percentage of other kills in the entire game.
 E = Experience gained in this place as a percentage of experience gained in the entire game.
 F = Experience gained in this place divided by the number of levels of this place that you have seen.
                   A       B       C       D       E      F
               +-------+-------+-------+-------+-------+----------------------
         Total | 100.0 | 100.0 |  -nan |  -nan | 100.0 | 683.6
       Dungeon | 100.0 | 100.0 |  -nan |  -nan | 100.0 | 769.0
               +-------+-------+-------+-------+-------+----------------------
